 Dungeon Crawl Stone Soup version 0.31-a0-1522-g43313d8a59 (webtiles) character file.

Game seed: 12471115194807644894

283 Curundu the Poker (level 6, 0/53 HPs)
             Began as a Minotaur Berserker on Dec 30, 2023.
             Was a Priest of Trog.
             Incinerated by a bombardier beetle (6 damage)
             ... with a burning spray
             ... on level 3 of the Dungeon.
             The game lasted 00:07:19 (2129 turns).

Curundu the Poker (Minotaur Berserker)              Turns: 2129, Time: 00:07:19

Health: 0/53       AC: 12    Str: 24    XL:     6   Next: 7%
Magic:  5/5        EV:  7    Int:  4    God:    Trog [***...]
Gold:   136        SH:  0    Dex:  9    Spells: 5/5 levels left

rFire   . . .        a - +0 spear
rCold   . . .        l - orb {*Rage}
rNeg    . . .        k - +0 plate armour
rPois   .            (helmet restricted)
rElec   .            (no cloak)
rCorr   .            (no gloves)
SInv    .            (no boots)
Will    ++...        (no amulet) Stlth
                     (no ring)
HPRegen 1.28/turn    (no ring)
MPRegen 0.09/turn

%: random rage (20%)
@: on fire, strong-willed, on berserk cooldown, regenerating, slowed, glowing,
very slow
A: horns 2, retaliatory headbutt
a: Renounce Religion, Berserk, Trog's Hand


You were on level 3 of the Dungeon.
You worshipped Trog.
Trog was most pleased with you.
You visited 1 branch of the dungeon, and saw 3 of its levels.

You collected 136 gold pieces.

Inventory:

Hand Weapons
 a - a +0 spear (weapon)
Armour
 k - a +0 plate armour (worn)
 l - an orb of wrath (worn)
Jewellery
 m - a ring of ice
Scrolls
 c - 4 scrolls of blinking {unknown}
 f - a scroll of torment {unknown}
 g - a scroll of identify {unknown}
 h - a scroll of fog {unknown}
 j - a scroll of immolation {unknown}
 p - a scroll of teleportation {unknown}
Potions
 b - a potion of curing {unknown}
 d - a potion of degeneration {unknown}
 e - a potion of might {unknown}
 i - 2 potions of heal wounds {unknown}
 n - a potion of haste {unknown}
 o - a potion of berserk rage {unknown}


   Skills:
 + Level 4.5 Fighting
 + Level 6.3 Polearms
 + Level 4.8 Armour
 + Level 2.5 Dodging


You had 5 spell levels left.
You didn't know any spells.
Your spell library was empty.

Dungeon Overview and Level Annotations

Branches:
Dungeon (3/15)

Altars:
Dithmenos
Hepliaklqana


Innate Abilities, Weirdness & Mutations

You have a pair of horns on your head.
You reflexively headbutt those who attack you in melee.


Message History

The bombardier beetle sprays incendiary fluid at you.
The burning spray hits you.
You are covered in liquid fire!
You shake off some of the fire as you move.
The liquid fire burns you!
The bombardier beetle closely misses you.
Things that are here:
a +0 dagger; 4 poisoned darts; a kobold corpse You puncture the bombardier beetle!
The bombardier beetle is moderately wounded.
The liquid fire burns you!
You hit the bombardier beetle but do no damage.
You headbutt the bombardier beetle!
The bombardier beetle is severely wounded.
The liquid fire burns you!
The bombardier beetle barely misses you.
You hit the bombardier beetle but do no damage.
The bombardier beetle is severely wounded.
The liquid fire burns you!
* * * LOW HITPOINT WARNING * * *
The bombardier beetle sprays incendiary fluid at you.
The burning spray hits you.
You are even more covered in liquid fire!
You hit the bombardier beetle. You headbutt the bombardier beetle.
You kill the bombardier beetle!
Trog accepts your kill. The liquid fire burns you!
* * * LOW HITPOINT WARNING * * *
You have reached level 6!
You are on fire!
You are on fire!
Activating: Trog's Hand (0% risk of failure)
Press: ? - help, Q - select action Dir - look around, f - activate Your skin crawls.
You feel strong-willed. The liquid fire burns you!
* * * LOW HITPOINT WARNING * * *
You shake off some of the fire as you move.
The liquid fire burns you!
You die...

.# ..# ## # #.# #
#. #.# # #. #.# #
#..#.# #
#.#..#.####.## #
#............. #
##########)#
#######.........@#
......#.##########
#####.#.#
#####.#)#
....#.#.#
....#.#.#
....#.#.#
......#.#
....###.#


There were no monsters in sight!

Vanquished Creatures
  An ice beast (D:3)
  A bombardier beetle (D:3)
  Natasha (twice) (D:3)
  3 adders
  2 dart slugs (D:2)
  3 ribbon worms
  4 orcs (D:2)
  8 bats
  4 endoplasms
  2 giant cockroaches
  6 goblins
  3 hobgoblins (D:2)
  3 quokkas
  13 ball pythons
  A frilled lizard (D:1)
  6 kobolds
  4 rats
66 creatures vanquished.

Notes
Turn   | Place    | Note
-------+----------+-------------------------------------------
     0 | D:1      | Curundu the Minotaur Berserker began the quest for the Orb.
     0 | D:1      | Reached XP level 1. HP: 19/19 MP: 0/0
   184 | D:1      | Reached XP level 2. HP: 23/27 MP: 1/1
   268 | D:1      | Reached skill level 4 in Polearms
  1059 | D:2      | Reached XP level 3. HP: 29/33 MP: 2/2
  1059 | D:2      | Reached ** piety under Trog
  1398 | D:2      | Reached XP level 4. HP: 40/40 MP: 3/3
  1614 | D:3      | Noticed an ice beast
  1629 | D:3      | Killed an ice beast
  1630 | D:3      | Reached skill level 5 in Polearms
  1630 | D:3      | Reached XP level 5. HP: 24/47 MP: 4/4
  1988 | D:3      | Noticed a shadow
  1989 | D:3      | Found a shadowy altar of Dithmenos.
  1990 | D:3      | Found a hazy altar of Hepliaklqana.
  2031 | D:3      | Noticed Natasha
  2036 | D:3      | Killed Natasha
  2067 | D:3      | Noticed Natasha
  2073 | D:3      | Killed Natasha
  2073 | D:3      | Reached *** piety under Trog
  2122 | D:3      | Reached skill level 6 in Polearms
  2128 | D:3      | Reached XP level 6. HP: 10/53 MP: 5/5
  2129 | D:3      | Incinerated by a bombardier beetle

Illustrated notes

Levels and vault maps discovered:
D:1:      roderic_crop_circles_arrival_small, layout_loops_ring,
          nrook_mini_backslash, minmay_tiny_reverse_x
D:2:      layout_rooms
D:3:      layout_basic, riverfiend_overflow_shadow_ancestor, uniq_natasha

Skill      XL: |  1  2  3  4  5 |
---------------+----------------+-----
Fighting       | 4 |  4.5
Polearms       | 4 5 6 |  6.3
Armour         | 3 4 |  4.8
Dodging        | |  2.5

Action                     |  1- 3 |  4- 6 || total
---------------------------+-------+-------++-------
  Melee: Spear             |   220 |    64 ||   284
         Headbutt          |    62 |    10 ||    72
         Punch             |     8 |       ||     8
 Invoke: Trog's Hand       |       |     1 ||     1
 Armour: Ring mail         |    23 |       ||    23
         Animal skin       |     7 |       ||     7
         Plate armour      |    62 |    45 ||   107
  Dodge: Dodged            |    59 |    19 ||    78

Table legend: (Time is in decaauts)
 A = Elapsed time spent in this place.
 B = Non-inter-level travel time spent in this place.
 C = Inter-level travel time spent in this place.
 D = Time resting spent in this place.
 E = Time spent auto-exploring this place.
 F = Levels seen in this place.
 G = Mean time per level.
                   A        B        C        D        E       F      G
               +--------+--------+--------+--------+--------+-----+--------+
         Total |   2208 |   2208 |      0 |      0 |   1464 |   3 |  736.0 |
       Dungeon |   2208 |   2208 |      0 |      0 |   1464 |   3 |  736.0 |
               +--------+--------+--------+--------+--------+-----+--------+

Top non-repeatable levels by time:
     D:1: 934 daAuts
     D:3: 673 daAuts
     D:2: 599 daAuts
